 Dungeon Crawl Stone Soup version 0.31-a0-920-g28cbb04a8c (webtiles) character file.

Game seed: 15439441836207437805

232 Xavori the Trooper (level 6, -1/44 HPs)
             Began as an Octopode Chaos Knight on Oct 17, 2023.
             Was a Plaything of Xom.
             Slain by a sleepcap (7 damage)
             ... on level 3 of the Dungeon.
             The game lasted 00:03:25 (11118 turns).

Xavori the Trooper (Octopode Chaos Knight)         Turns: 11118, Time: 00:03:26

Health: -1/44      AC:  1    Str: 11    XL:     6   Next: 4%
Magic:  5/5        EV: 13    Int: 18    God:    Xom [*.....]
Gold:   118        SH:  0    Dex:  8    Spells: 5/5 levels left

rFire   . . .        a - +0 short sword (chaos)
rCold   . . .        (no shield)
rNeg    . . .        (helmet restricted)
rPois   .            (no amulet)
rElec   +            (no ring)
rCorr   .            (no ring)
SInv    .            (no ring)
Will    .....        (no ring)
Stlth   ++           (no ring)
HPRegen 0.27/turn    (no ring)
MPRegen 0.09/turn    (no ring)
                     (no ring)

%: random rage (3%)
@: on berserk cooldown
A: almost no armour, amphibious, 8 rings, camouflage 1, gelatinous body 1,
(nimble swimmer 1), tentacles, berserk 1, clever 1, clumsy 2, low MP 1, sense
surroundings 1, electricity resistance, teleportitis 1
a: Renounce Religion


You were on level 3 of the Dungeon.
You worshipped Xom.
You were a special plaything of Xom.
You visited 1 branch of the dungeon, and saw 3 of its levels.
You also visited: Sewer.

You collected 118 gold pieces.

Inventory:

Hand Weapons
 a - a +0 short sword of chaos (weapon)
Scrolls
 b - a scroll of butterflies
 c - a scroll of silence
 d - 2 scrolls of blinking {unknown}
 e - 3 scrolls of teleportation {unknown}
 f - a scroll of revelation {unknown}
 g - a scroll of torment {unknown}
 i - a scroll of poison {unknown}
 j - a scroll of enchant weapon {unknown}
 k - a scroll of identify {unknown}
 m - a scroll of enchant armour {unknown}
 n - a scroll of fog {unknown}
Potions
 h - 2 potions of curing
 l - 2 potions of lignification {unknown}


   Skills:
 + Level 4.5 Fighting
 + Level 4.4 Short Blades
 + Level 4.0 Dodging


You had 5 spell levels left.
You didn't know any spells.
Your spell library contained the following spells:

 Spells                   Type           Power      Damage    Failure   Level
 Cigotuvi's Dreadful Rot  Necr/Pois/Air  0%         N/A       32%         2
 Ignite Poison            Fire/Tmut/Pois 0%         N/A       54%         3
 Ozocubu's Armour         Ice            0%         N/A       54%         3
 Freezing Cloud           Conj/Ice/Air   0%         6-21      99%         5
 Ozocubu's Refrigeration  Ice            0%         4d7       100%        7


Dungeon Overview and Level Annotations

Branches:
Dungeon (3/15)              Sewer (visited)

Altars:
Xom

Shops:
D:1 (


Innate Abilities, Weirdness & Mutations

You cannot wear most types of armour.
You are amphibious.
You can wear up to eight rings at the same time.
Your skin changes colour to match your surroundings (Stealth+).
Your rubbery body absorbs attacks. (AC +1, EV +1)
((You are camouflaged when in or above water. (Stealth+)))
You have tentacles for arms and can constrict up to eight enemies at once.
You sometimes lose your temper in combat.
Your mind is acute. (Int +4, Str/Dex -1)
You are very clumsy. (Dex -4)
Your magical capacity is low. (-10% MP)
You passively map a small area around you.
You are resistant to electric shocks. (rElec)
You are occasionally teleported next to monsters.


Message History

You constrict the sleepcap.
You destroy the sleepcap!
Unknown command.
You hit the sleepcap but do no damage. You grab the sleepcap.
You tentacle-slap the sleepcap, but do no damage.
The sleepcap is lightly damaged.
You constrict the sleepcap, but do no damage.
The sleepcap closely misses you.
You hit the sleepcap. You freeze the sleepcap. You squeeze the sleepcap.
The sleepcap is moderately damaged.
You constrict the sleepcap. You hit the sleepcap but do no damage.
The sleepcap is heavily damaged.
You constrict the sleepcap, but do no damage.
The sleepcap completely misses you.
You hit the sleepcap. You drain the sleepcap. You squeeze the sleepcap.
The sleepcap is almost destroyed.
You constrict the sleepcap.
You destroy the sleepcap!
You feel your intelligence returning.
Your Dodging skill increases to level 4!
You have reached level 6!
You hit the sleepcap but do no damage. You grab the sleepcap.
You constrict the sleepcap, but do no damage.
The sleepcap closely misses you.
You hit the sleepcap but do no damage.
You squeeze the sleepcap, but do no damage.
You constrict the sleepcap, but do no damage.
Unknown command.
You hit the sleepcap but do no damage.
You constrict the sleepcap, but do no damage.
The sleepcap barely misses you.
You hit the sleepcap but do no damage. You constrict the sleepcap.
The sleepcap releases spores at you.
* * * LOW HITPOINT WARNING * * *
You hit the sleepcap but do no damage.
The sleepcap is lightly damaged.
You constrict the sleepcap, but do no damage.
The sleepcap releases spores at you!
You die...

.......### * ........ , ,
######....### * **,
..........#.#, ,#
###.###........######.# *
..............).......# *
*.###...##.#.#......#
#.........#.####.# *, * *
#†.#....###@# #..#.##.#
#f####,
#..#.#..###.#..###
#..#..........f..#* ,
#..###.####........#
######...........:..h.###
.......####.######..###**
.........<... , ### , *
....######.## * * ,


You could see a sleepcap.

Vanquished Creatures
  A scorpion (D:3)
  2 sleepcaps (D:3)
  3 adders (Sewer)
  3 river rats (Sewer)
  2 worms (D:3)
  An orc (D:3)
  4 ball pythons
  6 bats
  6 endoplasms
  4 giant cockroaches (D:1)
  4 goblins
  4 hobgoblins
  9 jackals
  2 kobolds (D:1)
  2 quokkas
  6 frilled lizards
  4 rats
63 creatures vanquished.

Notes
Turn   | Place    | Note
-------+----------+-------------------------------------------
     0 | D:1      | Xavori the Octopode Chaos Knight began the quest for the
                  | Orb.
     0 | D:1      | Reached XP level 1. HP: 16/16 MP: 1/1
   132 | D:1      | Reached XP level 2. HP: 20/21 MP: 2/2
   196 | D:1      | Found Legymp's Antique Weapon Emporium.
   278 | D:1      | Reached XP level 3. HP: 15/26 MP: 3/3
   384 | D:1      | Found a faded altar of an unknown god.
   548 | D:1      | XOM is BORED!
   548 | D:1      | XOM: noise
   575 | D:1      | XOM: silly message
   595 | D:1      | XOM: silly message
   970 | D:1      | XOM is BORED!
  1375 | D:1      | XOM: noise
  1561 | D:1      | XOM: give mutations
  1561 | D:1      | Gained mutation: You are clumsy. (Dex -2) [Xom's mischief]
  1561 | D:1      | Gained mutation: You are very clumsy. (Dex -4) [Xom's
                  | mischief]
  1561 | D:1      | Gained mutation: Your body sometimes deteriorates upon
                  | taking damage. [Xom's mischief]
  1770 | D:1      | XOM: summons 2 hostile demons
  1868 | D:2      | XOM: summons 4 hostile shadow creatures
  2039 | D:1      | XOM: god gift: scroll labelled QOFFO OFAINOSIH {god gift}
  3070 | D:1      | XOM: stat loss: -1 Str (10/11)
  3343 | D:1      | XOM: give mutations
  3343 | D:1      | Gained mutation: Your mind is acute. (Int +4, Str/Dex -1)
                  | [Xom's mischief]
  3343 | D:1      | Gained mutation: You sometimes lose your temper in combat.
                  | [Xom's mischief]
  3343 | D:1      | Gained mutation: You have an uncontrollable temper. [Xom's
                  | mischief]
  3731 | D:1      | XOM: summons 2 hostile demons
  4039 | D:1      | XOM: torment (14/26 hp)
  4899 | D:1      | XOM: noise
  5547 | D:1      | XOM: torment (14/26 hp)
  5762 | D:1      | XOM is BORED!
  5762 | D:1      | XOM: give mutations
  5762 | D:1      | Gained mutation: A frigid envelope surrounds you and
                  | freezes all who hurt you. [Xom's mischief]
  5762 | D:1      | Gained mutation: You are somewhat resistant to further
                  | mutation. [Xom's mischief]
  5980 | D:1      | XOM: silly message
  6178 | D:1      | XOM: give mutations
  6178 | D:1      | Gained mutation: Potions are less effective at restoring
                  | your health. [Xom's mischief]
  6178 | D:1      | Gained mutation: You are robust. (+10% HP) [Xom's mischief]
  6178 | D:1      | Gained mutation: You are resistant to electric shocks.
                  | (rElec) [Xom's mischief]
  7016 | D:1      | XOM: stat loss: -1 Int (17/18)
  7250 | D:1      | XOM is BORED!
  7250 | D:1      | XOM: summons 1 hostile demon
  7451 | D:2      | XOM: noise
  7826 | D:1      | XOM: give mutation
  7826 | D:1      | Gained mutation: You passively map a small area around you.
                  | [Xom's grace]
  8802 | D:1      | XOM: scenery: create altars
  8826 | D:1      | XOM: silly message
  9780 | D:1      | XOM: give mutations
  9780 | D:1      | Lost mutation: Your body sometimes deteriorates upon taking
                  | damage. [Xom's mischief]
  9780 | D:1      | Lost mutation: A frigid envelope surrounds you and freezes
                  | all who hurt you. [Xom's mischief]
  9780 | D:1      | Lost mutation: You are somewhat resistant to further
                  | mutation. [Xom's mischief]
  9801 | D:1      | XOM: torment (15/28 hp)
  9817 | D:1      | XOM: stat loss: -1 Dex (7/8)
 10351 | D:3      | Found a glowing drain.
 10371 | D:3      | XOM: give mutations
 10371 | D:3      | Lost mutation: You are robust. (+10% HP) [Xom's mischief]
 10371 | D:3      | Lost mutation: You have an uncontrollable temper. [Xom's
                  | mischief]
 10371 | D:3      | Gained mutation: You are occasionally teleported next to
                  | monsters. [Xom's mischief]
 10391 | Sewer    | Entered a sewer
 10443 | Sewer    | XOM: butterfly on damage
 10445 | Sewer    | XOM: smoke on damage
 10447 | Sewer    | Reached XP level 4. HP: 16/33 MP: 4/4
 10795 | Sewer    | Reached XP level 5. HP: 37/37 MP: 5/5
 11094 | D:3      | XOM: give mutations
 11094 | D:3      | Lost mutation: Potions are less effective at restoring your
                  | health. [Xom's mischief]
 11094 | D:3      | Gained mutation: Your magical capacity is low. (-10% MP)
                  | [Xom's mischief]
 11108 | D:3      | XOM: stat loss: -1 Int (17/18)
 11114 | D:3      | Reached XP level 6. HP: 9/44 MP: 5/5
 11118 | D:3      | Slain by a sleepcap

Illustrated notes

Levels and vault maps discovered:
D:1:      denvon_arrival_planthouse, layout_loops_ring, serial_shops, shop,
          hellmonk_ecumenical_altar_leap_of_faith, kennysheep_another_room
D:2:      layout_rooms, minmay_goblin_kobold_house
D:3:      layout_basic, portal_sewer_entry_b, hellmonk_no_cap,
          uniq_crazy_yiuf_cottage, uniq_sigmund, uniq_jessica

Skill      XL: |  1  2  3  4  5 |
---------------+----------------+-----
Dodging        | 3 4 |  4.0
Fighting       | 4 |  4.5
Short Blades   | 4 |  4.4

Action                     |  1- 3 |  4- 6 || total
---------------------------+-------+-------++-------
  Melee: Short sword       |    91 |    60 ||   151
         Constrict         |    15 |    15 ||    30
         Tentacles         |    10 |    15 ||    25
         Punch             |     1 |     1 ||     2
    Use: Scroll            |     1 |     1 ||     2
         Potion            |       |     2 ||     2
   Stab: Sleeping          |    14 |     5 ||    19
 Armour: Skin              |    40 |    18 ||    58
  Dodge: Dodged            |    55 |    31 ||    86

Table legend: (Time is in decaauts)
 A = Elapsed time spent in this place.
 B = Non-inter-level travel time spent in this place.
 C = Inter-level travel time spent in this place.
 D = Time resting spent in this place.
 E = Time spent auto-exploring this place.
 F = Levels seen in this place.
 G = Mean time per level.
                   A        B        C        D        E       F      G
               +--------+--------+--------+--------+--------+-----+--------+
         Total |  11164 |  11160 |      4 |   9322 |   1340 |   4 | 2791.0 |
       Dungeon |  10658 |  10654 |      4 |   9278 |   1072 |   3 | 3552.7 |
         Sewer |    506 |    506 |      0 |     43 |    268 |   1 |  506.0 |
               +--------+--------+--------+--------+--------+-----+--------+

Top non-repeatable levels by time:
     D:1: 9142 daAuts
     D:2: 1230 daAuts
   Sewer: 506 daAuts
     D:3: 285 daAuts
